AoeStats
← Reinhardlunsen

African Clearing

505942154Analyzed
4v4 RM · 21d ago on Sep 11, 2026· 28m 57s· 8 players
Game mode
Random Map
Map size
Large (8 player)
Population
200
Speed
Normal
Resources
Standard
Victory
Conquest
Starting age
Dark Age
Ending age
Imperial Age
RankedLock teamsTeams togetherTeam positionsShared explorationLock speedFull tech treeHidden civsTurbo modeCheats
Victory
Defeat
🇺🇸 Goths · United States
1628
+13
🇦🇷 Celts · Argentina
1557
+16
🇺🇸 Inca · United States
1469
+20
🇱🇧 Persians · Lebanon
1403
+22
🇪🇪 Burgundians · Estonia
1595
-19
🇩🇪 Lithuanians · Germany
1566
-18
🇨🇭 Teutons · Switzerland
1541
-17
🇩🇪 Sicilians · Germany
1522
-17
Reinhardlunsen
8:54 Loom
12:00 Feudal Age
12:34 Double-Bit Axe
20:37 Fletching
TsuksEST
6:53 Double-Bit Axe
9:57 Loom
11:37 Fishing Lines
15:16 Feudal Age
19:01 Castle Age
17:52 Bow Saw
19:06 Gillnets
20:50 Scale Barding Armor
21:59 Chain Barding Armor
25:28 Husbandry
25:05 Cavalier
peah90
10:37 Loom
14:45 Feudal Age
22:04 Fletching
22:36 Double-Bit Axe
26:20 Fletching
Pasta Mother of Life
10:37 Loom
13:06 Feudal Age
17:29 Castle Age
15:52 Double-Bit Axe
17:02 Gold Mining
18:59 Bow Saw
19:20 Sanctity
20:46 Redemption
26:50 Fervor
Citizen Snips
9:01 Loom
11:19 Feudal Age
11:54 Double-Bit Axe
26:15 Castle Age
25:36 Padded Archer Armor
25:27 Fletching
25:40 Scale Mail Armor
25:41 Padded Archer Armor
27:13 Bodkin Arrow
27:29 Crossbowman
Katnip
3:41 Loom
12:15 Feudal Age
13:35 Double-Bit Axe
20:58 Castle Age
19:27 Fishing Lines
20:29 Town Watch
21:52 Bow Saw
24:06 Scale Barding Armor
24:12 Forging
27:57 Chain Barding Armor
28:12 Iron Casting
Chipmunk
11:44 Loom
14:05 Feudal Age
18:11 Castle Age
16:54 Double-Bit Axe
28:32 Bow Saw
Chris
3:21 Loom
13:12 Feudal Age
13:14 Man-at-Arms
21:03 Town Watch
24:29 Fletching
28:11 Castle Age
26:44 Double-Bit Axe
28:34 Scale Mail Armor
29:07 Squires
Connection lost

Rejoining the realm…

Still unreachable

The connection could not be restored.

Session expired

The server has moved on; the page needs a fresh start.